 Seeded DCSS version 0.29.1-15-g9cfb28693d (webtiles) character file.

Game seed: 16245865983455551772 (custom seed)

4653 Atreus the Skirmisher (level 10, 0/72 HPs)
             Began as a Kobold Hunter on Mar 6, 2023.
             Was an Elder of Lugonu.
             Shot with a sling bullet by Joseph (5 damage)
             ... on level 8 of the Dungeon.
             The game lasted 00:16:18 (8106 turns).

Atreus the Skirmisher (Kobold Hunter)               Turns: 8106, Time: 00:16:18

Health: 0/72       AC: 17    Str: 16    XL:     10   Next: 71%
Magic:  10/10      EV:  5    Int: 14    God:    Lugonu [****..]
Gold:   329        SH: 11    Dex: 31    Spells: 9/9 levels left

rFire   + . .      SeeInvis .   d - +5 hand crossbow "Izxud" {venom, rElec rC+ rN+ Str+2}
rCold   + . .      Faith    .   x - +0 kite shield
rNeg    + . .      Spirit   .   l - +5 plate armour of Dishonour {Rampage rElec Int-3 Dex+4}
rPois   .          Reflect  .   (no helmet)
rElec   +          Harm     .   c - scarf {+Inv}
rCorr   .          Rampage  +   D - +1 pair of gloves
Will    +....                   (no boots)
Stlth   ..........              e - amulet of the acrobat
HPRegen 0.22/turn               j - +6 ring of intelligence
MPRegen 0.12/turn               F - ring "Vokug" {rElec rF+ Will+ Str+6 Dex+4}

@: no status effects
A: small, no large weapons, nightstalker 3
a: Renounce Religion, Evoke Invisibility, Depart the Abyss, Bend Space, Banish,
Corrupt


You were on level 8 of the Dungeon.
You worshipped Lugonu.
Lugonu was greatly pleased with you.
You visited 1 branch of the dungeon, and saw 8 of its levels.

You collected 1252 gold pieces.
You spent 923 gold pieces at shops.

Inventory:

Hand Weapons
 a - a +0 shortbow
 d - the +5 hand crossbow "Izxud" (weapon) {venom, rElec rC+ rN+ Str+2}
   (You acquired it on level 1 of the Dungeon)

   Any ammunition fired from it poisons the flesh of those it strikes.
   Str:       It affects your strength (+2).
   rC:        It protects you from cold.
   rElec:     It insulates you from electricity.
   rN:        It protects you from negative energy.
Armour
 c - a scarf of invisibility (worn)
 l - the +5 plate armour of Dishonour (worn) {Rampage rElec Int-3 Dex+4}
   (You acquired it on level 7 of the Dungeon)

   Int:       It affects your intelligence (-3).
   Dex:       It affects your dexterity (+4).
   rElec:     It insulates you from electricity.
   Rampage:   It bestows one free step when moving towards enemies.
 x - a +0 kite shield (worn)
 D - a +1 pair of gloves (worn)
Jewellery
 e - an amulet of the acrobat (around neck)
 j - a +6 ring of intelligence (left hand)
 k - a +6 ring of intelligence
 r - an amulet of regeneration
 z - a ring of ice
 C - a +6 ring of intelligence
 F - the ring "Vokug" (right hand) {rElec rF+ Will+ Str+6 Dex+4}
   (You bought it in a shop on level 7 of the Dungeon)

   [ring of strength]

   Str:       It affects your strength (+6).
   Dex:       It affects your dexterity (+4).
   rF:        It protects you from fire.
   rElec:     It insulates you from electricity.
   Will:      It increases your willpower.
Wands
 p - a wand of roots (6) (quivered)
 s - a wand of flame (99)
 E - a wand of charming (9)
Scrolls
 b - 3 scrolls of immolation
 i - 9 scrolls of teleportation
 m - a scroll of enchant weapon
 n - 2 scrolls of summoning
 q - a scroll of noise
 w - a scroll of poison
 y - a scroll of silence {unknown}
 A - a scroll of butterflies
 B - a scroll of amnesia
Potions
 f - a potion of might
 g - 2 potions of flight {unknown}
 o - 2 potions of lignification {unknown}
 t - 2 potions of attraction {unknown}
 u - 4 potions of brilliance
 v - a potion of berserk rage {unknown}


   Skills:
 * Level 12.4 Fighting
 + Level 13.7 Ranged Weapons
 - Level 2.4 Dodging
 - Level 1.3 Stealth
 - Level 0.2 Shields


You had 9 spell levels left.
You didn't know any spells.
Your spell library contained the following spells:

 Spells                   Type           Power      Damage    Failure   Level
 Sting                    Tmut/Pois      0%         1d3       100%        1
 Poisonous Vapours        Pois/Air       0%         N/A       100%        2
 Confusing Touch          Hex            0%         N/A       100%        3
 Olgreb's Toxic Radiance  Pois           0%         N/A       100%        4
 Yara's Violent Unravell  Hex/Tmut       0%         3d3       100%        5
 Enfeeble                 Hex            0%         N/A       100%        7
 Chain Lightning          Conj/Air       0%         N/A       100%        9
 Fire Storm               Conj/Fire      0%         5d1       100%        9
 Shatter                  Erth           0%         3d5*      100%        9


Dungeon Overview and Level Annotations

Branches:
Dungeon (8/15)             Temple (0/1) D:5
   Lair: D:8-11

Altars:
Cheibriados
Dithmenos
Hepliaklqana
Makhleb
Zin
Lugonu

Shops:
D:3 [   D:4 *:[   D:7 =

Annotations:
D:8 Joseph


Innate Abilities, Weirdness & Mutations

You are small and have problems with some larger weapons.
You are completely attuned to the shadows.


Message History

You shoot a bolt. The bolt closely misses Joseph.
Joseph shoots a sling bullet.
The sling bullet hits you!
* * * LOW HITPOINT WARNING * * *
Fire: d) +5 hand crossbow "Izxud" {venom, rElec rC+ rN+ Str+2}
Press: ? - help, Shift-Dir - straight line, f/p - Joseph
Aim: Joseph, wielding a +0 sling and wearing a +0 leather armour (moderately wounded, very poisoned, 78% to hit)
You shoot a bolt. The bolt hits Joseph!!!
Joseph is severely wounded.
You hear a shout!
Joseph shoots a sling bullet.
The sling bullet hits you!
* * * LOW HITPOINT WARNING * * *
Joseph shoots a sling bullet.
The sling bullet hits you but does no damage.
A kobold brigand comes into view.
It is wielding a +0 club and quivering poisoned darts.
Aiming: Fastroot
Press: ? - help, Q - select action, (/) - cycle Shift-Dir - straight line, f - kobold brigand, p - Joseph
Aim: a kobold brigand, wielding a +0 club and quivering poisoned darts Your line of fire to the kobold brigand is blocked by a fungus.
Unknown command.
Aiming: Fastroot
Press: ? - help, Q - select action, (/) - cycle Shift-Dir - straight line, p - kobold brigand The roots erupt in riotous growth!
Roots grab Joseph.
Roots grab the kobold brigand.
The grasping roots constrict Joseph.
The grasping roots constrict the kobold brigand.
You hear a shout!
Joseph shoots a sling bullet.
You block the sling bullet.
The kobold brigand struggles to escape constriction.
Aiming: Fastroot
Press: ? - help, Q - select action, (/) - cycle Shift-Dir - straight line The roots erupt in riotous growth!
The kobold brigand is unaffected.
Joseph is unaffected.
The grasping roots constrict Joseph.
The grasping roots constrict the kobold brigand!
You hear a shout! x2
The roots release their grip on Joseph.
The roots release their grip on the kobold brigand.
Joseph shoots a sling bullet.
The sling bullet hits you.
You die...

###.....
.....P.
####...P.P
#.....)P)..
#...P.@....
#....P...##
#....†P..#
#......@.#
#.....PK.###
#.....PP...P
#.......P...
#.......P.PP
#.........P.


You could see Joseph (very poisoned) and a kobold brigand.

Vanquished Creatures
  Amaemon (D:8)
  Maurice (D:8)
  Sigmund (D:5)
  2 yaks (D:8)
  A steam dragon (D:7)
  A water moccasin (D:6)
  2 ice beasts
  2 orc warriors
  3 black bears
  2 centaurs
  A kobold brigand (D:6)
  4 bullfrogs
  2 necrophages
  6 scorpions
  4 wights (D:7)
  4 killer bees (D:8)
  4 howler monkeys
  3 orc priests
  A gnoll bouda (D:7)
  4 hounds
  An iron imp (D:4)
  Jessica (D:2)
  3 iguanas
  3 orc wizards
  Natasha (thrice) (D:3)
  A hound skeleton (D:4)
  8 gnolls
  5 adders
  A white imp (D:5)
  A dart slug (D:5)
  18 orcs
  6 ball pythons
  3 bats
  8 endoplasms
  A giant cockroach (D:4)
  5 goblins
  8 hobgoblins
  4 quokkas
  3 frilled lizards
  12 kobolds
  7 rats
151 creatures vanquished.

Vanquished Creatures (collateral kills)
  An orange demon (D:8)
1 creature vanquished.

Vanquished Creatures (others)
  An orc wizard (D:7)
  11 fungi (D:8)
  25 plants
37 creatures vanquished.

Grand Total: 189 creatures vanquished

Notes
Turn   | Place    | Note
-------+----------+-------------------------------------------
     0 | D:1      | Atreus the Kobold Hunter began the quest for the Orb.
     0 | D:1      | Reached XP level 1. HP: 12/12 MP: 1/1
    56 | D:1      | Identified 3 scrolls of acquirement
    56 | D:1      | Acquired 860 gold pieces
    58 | D:1      | Acquired an amulet of the acrobat
    61 | D:1      | Acquired the +5 hand crossbow "Izxud" {venom, rElec rC+ rN+
                  | Str+2}
   128 | D:1      | Reached XP level 2. HP: 17/17 MP: 2/2
   153 | D:1      | Found a faded altar of an unknown god.
   328 | D:1      | Reached skill level 6 in Ranged Weapons
   723 | D:1      | Reached XP level 3. HP: 22/22 MP: 3/3
  1223 | D:1      | Prayed at the altar of an unknown god.
  1223 | D:1      | Became a worshipper of Lugonu the Unformed
  1223 | D:1      | Reached * piety under Lugonu
  1223 | D:1      | Reached ** piety under Lugonu
  1738 | D:2      | Noticed Jessica
  1739 | D:2      | Killed Jessica
  1740 | D:2      | Reached XP level 4. HP: 29/29 MP: 4/4
  2013 | D:3      | Reached XP level 5. HP: 34/34 MP: 5/5
  2016 | D:3      | Reached skill level 5 in Fighting
  2058 | D:3      | Found Ymmy Ciutu's Antique Armour Shoppe.
  2164 | D:3      | Noticed Natasha
  2167 | D:3      | Killed Natasha
  2173 | D:3      | Reached XP level 6. HP: 41/41 MP: 6/6
  2243 | D:3      | Noticed Natasha
  2245 | D:3      | Killed Natasha
  2374 | D:3      | Noticed Natasha
  2376 | D:3      | Killed Natasha
  2814 | D:4      | Found a shadowy altar of Dithmenos.
  2943 | D:4      | Found Gamycsypi's Antique Armour Boutique.
  2974 | D:4      | Reached *** piety under Lugonu
  2991 | D:4      | Found a burning altar of Makhleb.
  3015 | D:4      | Reached XP level 7. HP: 48/48 MP: 7/7
  3017 | D:4      | Found Tuuwolaw's General Store.
  3087 | D:4      | Found a snail-covered altar of Cheibriados.
  3439 | D:4      | Found Koenoidu's Book Boutique.
  3617 | D:5      | Entered Level 5 of the Dungeon
  3624 | D:5      | Noticed Sigmund
  3626 | D:5      | Killed Sigmund
  3628 | D:5      | Reached skill level 7 in Ranged Weapons
  4089 | D:5      | Reached XP level 8. HP: 47/55 MP: 8/8
  4265 | D:5      | Found a staircase to the Ecumenical Temple.
  4438 | D:5      | Reached skill level 8 in Ranged Weapons
  4505 | D:5      | Found a glowing silver altar of Zin.
  5382 | D:6      | Reached skill level 9 in Ranged Weapons
  6033 | D:6      | Reached XP level 9. HP: 53/61 MP: 9/9
  6782 | D:7      | Reached skill level 10 in Fighting
  6793 | D:7      | Reached skill level 10 in Ranged Weapons
  7144 | D:7      | Reached **** piety under Lugonu
  7179 | D:7      | Reached skill level 11 in Ranged Weapons
  7335 | D:7      | Found a hazy altar of Hepliaklqana.
  7549 | D:7      | Found Dackej's Jewellery Shoppe.
  7555 | D:7      | Bought the ring "Vokug" {rElec rF+ Will+ Str+6 Dex+4} for
                  | 923 gold pieces
  7566 | D:7      | Acquired the +5 plate armour of Dishonour {Rampage rElec
                  | Int-3 Dex+4}
  7818 | D:8      | Noticed Maurice
  7823 | D:8      | Killed Maurice
  7824 | D:8      | Reached XP level 10. HP: 64/70 MP: 10/10
  7827 | D:8      | Reached skill level 12 in Ranged Weapons
  7884 | D:8      | Reached skill level 13 in Ranged Weapons
  8046 | D:8      | Noticed Amaemon
  8048 | D:8      | Noticed an orange demon
  8056 | D:8      | Killed an orange demon
  8071 | D:8      | Your ally Amaemon died
  8100 | D:8      | Noticed Joseph
  8106 | D:8      | Shot with a sling bullet by Joseph

Illustrated notes

Levels and vault maps discovered:
D:1:      minmay_arrival_hallway, layout_loops_corners, basic_ecumenical_altar,
          minmay_unequal
D:2:      layout_loops_ring, uniq_jessica
D:3:      layout_basic, serial_shops, nicolae_shop_advertising_works
          [nicolae_subvault_shop_adworks], minmay_shallow_snake_nest,
          uniq_natasha
D:4:      layout_rooms, grunt_dithmenos_smoke_and_mirrors,
          makhleb_blood_cavern_becter, slow_altar_1, serial_shops,
          nicolae_square_shop, nicolae_shop_temple_entry_statues_fountains,
          kennysheep_mini_moat, chequers_serial_rivers_large_a,
          minmay_fractal_squares_gapless_5
D:5:      layout_layer_cave, mainiacjoe_overflow_cross_hatched,
          lemuel_temple_firewalk_b, uniq_sigmund
D:6:      layout_basic
D:7:      layout_basic, nicolae_hepliaklqana_hazy_memory, serial_shops,
          nicolae_stop_n_shop_2
D:8:      layout_basic, nicolae_qazlal_style_of_elements,
          grunt_lair_entry_orc_guard_hut, uniq_amaemon, uniq_psyche,
          uniq_joseph, uniq_maurice

Skill      XL: |  1  2  3  4  5  6  7  8  9 10 |
---------------+-------------------------------+-----
Ranged Weapons | 6 7 9 11 13 | 13.7
Fighting       | 4 5 7 8 9 11 12 | 12.4
Dodging        | |  2.4
Stealth        | |  1.3
Shields        | |  0.2

Action                   |  1- 3 |  4- 6 |  7- 9 | 10-12 || total
-------------------------+-------+-------+-------+-------++-------
Melee: Hand crossbow     |       |     2 |    16 |       ||    18
       Punch             |       |       |     1 |       ||     1
 Fire: Hand crossbow     |    30 |    45 |   112 |    42 ||   229
Evoke: Wand              |       |       |     9 |    11 ||    20
  Use: Scroll            |     3 |       |    10 |       ||    13
       Potion            |       |       |     2 |     1 ||     3
Armor: Leather armour    |     1 |       |       |       ||     1
       Scale mail        |     1 |     3 |    16 |       ||    20
       Plate armour      |       |       |    22 |    53 ||    75
Dodge: Dodged            |     3 |     5 |    29 |    16 ||    53
Block: Kite shield       |       |       |    36 |    33 ||    69
